 Dungeon Crawl Stone Soup version 0.26.1-11-gd32895ea62 (webtiles) character file.

Game seed: 6965724036582269856

315 Zeld the Cudgeller (level 6, 0/51 HPs)
             Began as a Draconian Gladiator on June 13, 2021.
             Slain by a gnoll (9 damage)
             ... on level 5 of the Dungeon.
             The game lasted 00:04:35 (5243 turns).

Zeld the Cudgeller (Draconian Gladiator)            Turns: 5243, Time: 00:04:36

Health: 0/51       AC:  9    Str: 18    XL:     6   Next: 20%
Magic:  6/6        EV:  7    Int:  9    God:
Gold:   199        SH:  0    Dex: 12    Spells: 5/5 levels left

rFire    . . .     SeeInvis .   a - +0 flail
rCold    . . .     Faith    .   (no shield)
rNeg     . . .     Spirit   .   (armour unavailable)
rPois    .         Reflect  .   h - +2 hat
rElec    .         Harm     .   q - +0 cloak
rCorr    .         Rampage  .   (no gloves)
Will     .....                  (no boots)
Stlth    +.........             (no amulet)
HPRegen  0.17/turn              (no ring)
MPRegen  0.10/turn              (no ring)

@: held
A: unfitting armour, cold-blooded, AC +6
a: no special abilities


You were on level 5 of the Dungeon.
You visited 1 branch of the dungeon, and saw 6 of its levels.

You collected 199 gold pieces.

Inventory:

Hand Weapons
 a - a +0 flail (weapon)
Missiles
 c - 5 throwing nets (quivered)
 i - 144 stones
 x - 5 boomerangs
 y - 5 javelins
Armour
 h - a +2 hat (worn)
 q - a +0 cloak (worn)
Jewellery
 A - an uncursed amulet of the acrobat {unknown}
 B - an uncursed ring of fire {unknown}
Wands
 z - a wand of enslavement (8)
Scrolls
 b - 5 scrolls of remove curse {unknown}
 d - 5 scrolls of identify {unknown}
 e - 3 scrolls of amnesia {unknown}
 f - 2 scrolls of immolation {unknown}
 g - a scroll of noise {unknown}
 j - 5 scrolls of enchant armour {unknown}
 l - 2 scrolls of fear {unknown}
 p - 2 scrolls of random uselessness {unknown}
 s - a scroll of magic mapping {unknown}
 t - a scroll of enchant weapon {unknown}
Potions
 k - 2 potions of curing {unknown}
 m - 2 potions of heal wounds {unknown}
 n - 2 potions of attraction {unknown}
 o - a potion of might {unknown}
 r - a potion of haste {unknown}
 u - a potion of lignification {unknown}
 v - a potion of flight {unknown}
 w - a potion of invisibility {unknown}
 C - a potion of degeneration {unknown}


   Skills:
 + Level 3.5 Fighting
 * Level 4.7 Maces & Flails
 * Level 3.7 Throwing
 + Level 3.4 Dodging


You had 5 spell levels left.
You didn't know any spells.
Your spell library was empty.

Dungeon Overview and Level Annotations

Branches:
Dungeon (6/15)
 Temple: D:4-7

Altars:
Cheibriados
Zin


Innate Abilities, Weirdness & Mutations

Your plain brown scales are hard. (AC +6)
You cannot fit into any form of body armour.
You are cold-blooded and may be slowed by cold attacks.


Message History

* * * LOW HITPOINT WARNING * * *
The gnoll throws a boomerang.
The boomerang barely misses you.
The weapon returns to the gnoll!
The gnoll closely misses you.
The gnoll throws a boomerang.
The boomerang misses you.
The weapon returns to the gnoll!
The gnoll closely misses you.
Unknown command.
The gnoll throws a throwing net.
The throwing net hits you.
You become entangled in the net!
The gnoll throws a boomerang.
The boomerang hits you but does no damage.
The weapon returns to the gnoll!
You see here a throwing net.
You struggle against the net.
The gnoll sergeant hits you but does no damage.
The gnoll throws a boomerang.
The boomerang hits you but does no damage.
The weapon returns to the gnoll!
You struggle against the net.
The gnoll hits you but does no damage. The gnoll hits you!
You die...

..##... ...... ..... #
..# ..... ##.# ##.....
..####...... #####
........... ###....##
........# ##........
.......########.........
...<.8.#......#g@.......
...#[..#≈≈≈≈≈≈..g.####..
...#)...........g.#
..................#
.......#≈≈≈≈≈≈....#
.....8.#..gg..#......
.......########.......
........ ##......
.##.#.... ##....


You could see a gnoll sergeant and 4 gnolls.

Vanquished Creatures
  A hound (D:4)
  A gnoll shaman (D:4)
  A bullfrog skeleton (D:4)
  Natasha (thrice) (D:3)
  A hound skeleton (D:4)
  5 adders
  A gnoll (D:5)
  3 worms
  A dart slug (D:2)
  5 leopard geckos
  4 orcs (D:3)
  3 ball pythons
  3 giant cockroaches
  8 goblins
  6 hobgoblins
  5 jackals
  2 kobolds
  A quokka (D:2)
  7 bats
  5 frilled lizards
  8 rats
74 creatures vanquished.

Vanquished Creatures (others)
  A plant (D:4)
1 creature vanquished.

Grand Total: 75 creatures vanquished

Notes
Turn   | Place    | Note
-------+----------+-------------------------------------------
     0 | D:1      | Zeld the Draconian Gladiator began the quest for the Orb.
     0 | D:1      | Reached XP level 1. HP: 17/17 MP: 1/1
   485 | D:1      | Reached XP level 2. HP: 20/25 MP: 2/2
  1145 | D:2      | Reached XP level 3. HP: 30/30 MP: 3/3
  1660 | D:2      | Found a snail-covered altar of Cheibriados.
  2388 | D:3      | Noticed Natasha
  2398 | D:3      | Killed Natasha
  2399 | D:3      | Reached XP level 4. HP: 37/37 MP: 4/4
  2834 | D:3      | Noticed Natasha
  2844 | D:3      | Killed Natasha
  2845 | D:3      | Reached skill level 4 in Maces & Flails
  2983 | D:3      | Noticed Natasha
  2996 | D:3      | Killed Natasha
  2997 | D:3      | Reached XP level 5. HP: 30/45 MP: 5/5
  3562 | D:4      | You fall into a shaft and drop 2 floors!
  3597 | D:5      | Entered Level 5 of the Dungeon
  4056 | D:4      | Found a glowing silver altar of Zin.
  4112 | D:4      | Reached XP level 6. HP: 51/51 MP: 6/6
  5243 | D:5      | Slain by a gnoll

Illustrated notes

Levels and vault maps discovered:
D:1:      minmay_arrival_doors, layout_basic
D:2:      layout_loops_ring, kennysheep_slug_shrine
D:3:      layout_loops_ring, uniq_natasha
D:4:      layout_cave_pods, zin_academy, saegor_snake_ambush
D:5:      minmay_chambers_of_threes, layout_cave_pools, elyvilon_altar_1,
          serial_shops, nicolae_shop_temple_entry_statues_fountains,
          serial_gnoll_camp, gnoll_camp_mini_doghouse, grums_kennel,
          gnoll_camp_huts_basic, gnoll_camp_medium_01,
          minmay_fractal_squares_gapless_5
D:6:      layout_basic, temple_doors_e, lemuel_blue_sif_altar

Skill      XL: |  1  2  3  4 |
---------------+-------------+-----
Throwing       | 2 3 |  3.7
Dodging        | 3 |  3.4
Fighting       | 3 |  3.5
Maces & Flails | 4 |  4.7

Action                   |  1- 3 |  4- 6 || total
-------------------------+-------+-------++-------
Melee: Flail             |   145 |   135 ||   280
       Tailslap          |     8 |    17 ||    25
Armor: Skin              |    53 |   104 ||   157
Dodge: Dodged            |   123 |   161 ||   284
